 Dungeon Crawl Stone Soup version 0.25-a0-1007-g10a8c3caa8 (webtiles) character file.

Game seed: 11361531249094670827, levelgen mode: deterministic

406 Flugslaktarn the Chopper (level 6, 0/56 HPs)
             Began as a Minotaur Fighter on May 11, 2020.
             Was an Initiate of Trog.
             Succumbed to Ijyb's poison gas
             ... on level 4 of the Dungeon.
             The game lasted 00:02:09 (2946 turns).

Flugslaktarn the Chopper (Minotaur Fighter)         Turns: 2946, Time: 00:02:10

Health: 0/56       AC: 13    Str: 20    XL:     6   Next: 56%
Magic:  5/5        EV:  4    Int:  5    God:    Trog [......]
Gold:   160        SH:  0    Dex: 12    Spells: 5/5 levels left

rFire    . . .     SeeInvis .   a - +0 war axe
rCold    . . .     Gourm    .   c - +0 kite shield
rNeg     . . .     Faith    .   r - +0 plate armour
rPois    .         Spirit   .   (helmet restricted)
rElec    .         Reflect  .   y - +0 cloak
rCorr    .         Harm     .   (no gloves)
MR       .....                  (no boots)
Stlth    ..........             (no amulet)
HPRegen  0.18/turn              (no ring)
MPRegen  0.09/turn              (no ring)

@: confused, lethally poisoned (0 -> -16)
A: retaliatory headbutt, horns 2
a: Renounce Religion


You were on level 4 of the Dungeon.
You worshipped Trog.
Trog was noncommittal.
You were not hungry.

You visited 1 branch of the dungeon, and saw 4 of its levels.

You collected 160 gold pieces.

Inventory:

Hand Weapons
 a - a +0 war axe (weapon)
 b - a +1 hand axe of flaming
   (You took it off a kobold on level 1 of the Dungeon)
Missiles
 t - a throwing net (quivered)
Armour
 c - a +0 kite shield (worn)
 r - a +0 plate armour (worn)
   (You found it on level 2 of the Dungeon)
 y - a +0 cloak (worn)
   (You took it off Crazy Yiuf on level 2 of the Dungeon)
Jewellery
 q - an uncursed ring of wizardry {unknown}
   (You found it on level 1 of the Dungeon)
 u - an uncursed amulet of guardian spirit {unknown}
   (You found it on level 2 of the Dungeon)
 v - a +3 ring of intelligence {unknown}
   (You found it on level 2 of the Dungeon)
 z - an uncursed ring of wizardry {unknown}
   (You found it on level 3 of the Dungeon)
Scrolls
 g - a scroll of immolation {unknown}
 h - a scroll of enchant armour {unknown}
 j - 2 scrolls of teleportation {unknown}
 l - 2 scrolls of remove curse {unknown}
 m - 2 scrolls of blinking {unknown}
 o - a scroll of enchant weapon {unknown}
 p - a scroll of magic mapping {unknown}
 w - a scroll of noise {unknown}
 x - 2 scrolls of identify {unknown}
 A - 2 scrolls of fear {unknown}
Potions
 d - 2 potions of might
 f - a potion of mutation {unknown}
 i - 2 potions of stabbing {unknown}
 k - a potion of cancellation {unknown}
 n - 3 potions of heal wounds {unknown}
 s - a potion of haste {unknown}
Comestibles
 e - 9 rations


   Skills:
 + Level 5.1 Fighting
 * Level 5.7 Axes
 + Level 5.1 Armour
 + Level 5.0 Shields


You had 5 spell levels left.
You didn't know any spells.
Your spell library was empty.

Dungeon Overview and Level Annotations

Branches:
Dungeon (4/15)             Temple (0/1) D:4

Altars:
Trog

Annotations:
D:4 Ijyb


Innate Abilities, Weirdness & Mutations

You reflexively headbutt those who attack you in melee.
You have a pair of horns on your head.


Message History

* * * LOW HITPOINT WARNING * * *
Ijyb is engulfed in poison gas.
Ijyb is poisoned.
Ijyb screams, "Level is mine!
All mine!"
Ijyb zaps a wand.
Ijyb creates a blast of poison gas!
Unknown command.
You bump into the rock wall.
You are engulfed in noxious fumes.
You choke on the stench!
You are more confused.
* * * LOW HITPOINT WARNING * * *
Ijyb is engulfed in poison gas.
Ijyb looks even sicker.
Unknown command.
You are engulfed in noxious fumes.
You choke on the stench!
You are more confused.
* * * LOW HITPOINT WARNING * * *
Ijyb is engulfed in blazing flames.
Unknown command.
You are engulfed in poison gas.
You are lethally poisoned!
* * * LOW HITPOINT WARNING * * *
You die...

# ### # #.#
###################.#
............§§g§@...#
###################.#########
#.....g..(........#.#.......#
#g###############.#.......#
#.# . #.###.###.# #.# .#
#.#.# #.# #'#...# #.#.###.#
...# ####### #.......# ...+
.......####g#####


You could see Ijyb (very poisoned).

Vanquished Creatures
  A phantom (D:4)
  Crazy Yiuf (D:2)
  2 orc priests (D:3)
  2 orc wizards (D:3)
  Robin (D:3)
  6 adders
  3 worms
  A dart slug (D:2)
  4 leopard geckos
  12 orcs (D:3)
  4 ball pythons
  5 giant cockroaches
  12 goblins
  9 hobgoblins
  3 bats (D:1)
  5 frilled lizards
  10 kobolds
  9 rats
90 creatures vanquished.

Notes
Turn   | Place    | Note
-------+----------+-------------------------------------------
     0 | D:1      | Flugslaktarn the Minotaur Fighter began the quest for the
                  | Orb.
     0 | D:1      | Reached XP level 1. HP: 19/19 MP: 0/0
    39 | D:1      | Reached XP level 2. HP: 18/27 MP: 1/1
   459 | D:1      | Reached XP level 3. HP: 32/33 MP: 2/2
   896 | D:2      | Reached XP level 4. HP: 27/40 MP: 3/3
  1034 | D:2      | Found a runed translucent door.
  1035 | D:2      | Noticed Crazy Yiuf
  1408 | D:2      | Killed Crazy Yiuf
  1489 | D:3      | Reached XP level 5. HP: 42/47 MP: 4/4
  1704 | D:3      | Reached skill level 5 in Axes
  1837 | D:3      | Noticed Robin
  1848 | D:3      | Killed Robin
  1972 | D:3      | Found a bloodstained altar of Trog.
  2036 | D:3      | Reached XP level 6. HP: 47/55 MP: 5/5
  2048 | D:3      | Became a worshipper of Trog the Wrathful
  2320 | D:4      | Noticed an orc warrior
  2516 | D:4      | Found a staircase to the Ecumenical Temple.
  2549 | D:4      | Reached skill level 5 in Fighting
  2549 | D:4      | Reached skill level 5 in Armour
  2549 | D:4      | Reached skill level 5 in Shields
  2853 | D:4      | Noticed Ijyb
  2946 | D:4      | HP: 2/56 [Ijyb] (8)]
  2946 | D:4      | Succumbed to Ijyb's poison gas

Illustrated notes

Levels and vault maps discovered:
D:1:      shiori_arrival_maze, layout_rooms
D:2:      layout_basic, first_ration, uniq_crazy_yiuf_cottage
D:3:      layout_loops_ring, bloody_trog, minmay_misc_feat_doors, uniq_robin
D:4:      minmay_razor_zed, layout_basic, minmay_temple_entry_antechambers,
          uniq_ijyb, uniq_sigmund

Skill      XL: |  1  2  3  4  5  6 |
---------------+-------------------+-----
Axes           | 3 4 5 |  5.7
Fighting       | 4 5 |  5.1
Shields        | 4 5 |  5.0
Armour         | 4 5 |  5.1

Action                   |  1- 3 |  4- 6 || total
-------------------------+-------+-------++-------
Melee: War axe           |   100 |   117 ||   217
       Headbutt          |    13 |    15 ||    28
  Eat: Chunk             |       |     7 ||     7
Armor: Scale mail        |    47 |       ||    47
       Plate armour      |    13 |    67 ||    80
Dodge: Dodged            |    24 |    16 ||    40
Block: Kite shield       |    66 |    62 ||   128

Table legend:
 A = Non-vault XP
 B = Vault XP
 C = Vault XP percentage of total XP
 D = Non-vault monster count
 E = Vault monster count
 F = Vault count percentage of total count
                 A         B        C        D         E       F
            +---------+---------+-------+---------+---------+-------
      Total |     509 |      71 |  12.2 |      80 |      10 |  11.1
            +---------+---------+-------+---------+---------+-------
        D:1 |      50 |       3 |   5.7 |      31 |       2 |   6.1
        D:2 |      84 |      41 |  32.8 |      19 |       1 |   5.0
        D:3 |     225 |      27 |  10.7 |      26 |       7 |  21.2
        D:4 |     150 |       0 |   0.0 |       4 |       0 |   0.0
            +---------+---------+-------+---------+---------+-------
